 Dungeon Crawl Stone Soup version 0.21.0-25-ge575cb9 (webtiles) character file.

896 Mirai the Geomancer (level 8, -1/41 HPs)
             Began as a Gargoyle Earth Elementalist on Jan 26, 2018.
             Slain by a large abomination (10 damage)
             ... on level 2 of the Abyss.
             The game lasted 00:43:25 (5033 turns).

Mirai the Geomancer (Gargoyle Earth Elementalist)   Turns: 5033, Time: 00:43:25

Health: -1/41      AC: 15    Str: 13 (15) XL:     8   Next: 7%
Magic:  17/17      EV: 11    Int: 16 (19) God:
Gold:   208        SH:  0    Dex:  8 (10) Spells: 9/19 levels left

rFire    . . .     SeeInvis +   H - +2 trident (pierce)
rCold    + . .     Gourm    .   (no shield)
rNeg     + + .     Faith    .   N - +3 leather armour
rPois    ∞         Spirit   .   i - +1 helmet
rElec    +         Reflect  .   O - +0 cloak
rCorr    .         Harm     .   P - +0 pair of gloves
MR       .....                  c - +0 pair of boots
Stlth    ..........             (no amulet)
HPRegen  0.13/turn              k - ring of positive energy
MPRegen  0.15/turn              a - ring of Okhetsocw {SInv Stlth-}

@: no status effects
A: cold resistance 1, deformed body, negative energy resistance 1, electricity
resistance, strong 2, unbreathing, petrification resistance, rot immunity, AC +5
a: no special abilities


You were on level 2 of the Abyss.
You were not hungry.

You visited 1 branch of the dungeon, and saw 4 of its levels.
You visited the Abyss 1 time.

You collected 293 gold pieces.
You spent 85 gold pieces at shops.

Inventory:

Hand Weapons
 H - a +2 trident of piercing (weapon)
 Q - a +2 trident of distortion
 T - a +2 dagger of freezing
Missiles
 b - 114 stones (quivered)
Armour
 c - a +0 pair of boots (worn)
 i - a +1 helmet (worn)
 N - a +3 leather armour (worn)
 O - a +0 cloak (worn)
 P - a +0 pair of gloves (worn)
Magical Staves
 K - an uncursed staff of poison
Jewellery
 a - the ring of Okhetsocw (right hand) {SInv Stlth-}
   (You found it on level 2 of the Abyss)

   [ring of loudness]

   It lets you see invisible.
   It makes you less stealthy.
 k - a ring of positive energy (left hand)
Wands
 R - a wand of iceblast (8)
 Y - a wand of paralysis (10)
Scrolls
 g - 4 scrolls of teleportation
 h - 3 scrolls of remove curse
 l - a scroll of magic mapping
 q - 2 scrolls of identify
Potions
 j - 2 potions of haste
 u - 2 potions of might
Books
 e - a book of Geomancy

   Spells                             Type                      Level
   a - Sandblast                      Earth                        1
   b - Passwall                       Transmutation/Earth          2
   c - Stone Arrow                    Conjuration/Earth            3
   d - Petrify                        Transmutation/Earth          4
   e - Lee's Rapid Deconstruction     Earth                        5
Comestibles
 d - 4 rations


   Skills:
 - Level 1.5 Dodging
 - Level 2.1 Stealth
 + Level 6.0 Spellcasting
 - Level 0.7 Transmutations
 + Level 8.4 Earth Magic


You had 9 spell levels left.
You knew the following spells:

 Your Spells              Type           Power        Failure   Level  Hunger
a - Sandblast             Erth           ####..       1%          1    None
b - Passwall              Tmut/Erth      ###.......   4%          2    #......
c - Stone Arrow           Conj/Erth      ###...       10%         3    ##.....
d - Petrify               Tmut/Erth      ###.....     26%         4    ####...


Dungeon Overview and Level Annotations

Branches:
Dungeon (4/15)
 Temple: D:4-7

Altars:
Cheibriados
Qazlal
Wu Jian
The Shining One

Shops:
D:4 *

Annotations:
D:3 bmj180's ghost, amateur HaFi


Innate Abilities, Weirdness & Mutations

You are resistant to torment.
Your stone body is resilient. (AC +5)
You are immune to poison.
You resist negative energy. (rN+)
You are resistant to electric shocks. (rElec)
You can survive without breathing.
You are immune to petrification.
You are immune to rotting.
Your flesh is cold resistant. (rC+)
Armour fits poorly on your strangely shaped body.
Your muscles are very strong. (Str +4)


Message History

Unknown command.
Sorry, you're not good enough to have a special ability.
Casting: Sandblast
Confirm with . or Enter, or press ? or * to list all spells.
Okay, then.
Evoke which item? (* to show all) (? for menu, Esc to quit)
Aiming: Paralyse
Press: ? - help, Shift-Dir - straight line, f - large abomination
Aim: a large abomination (chance to defeat MR: 1%)
The large abomination resists with almost no effort.
The large abomination hits you. The large abomination hits you!
Found a scroll of remove curse.
The large abomination hits you!
* * * LOW HITPOINT WARNING * * *
Found a war axe.
You see here a scroll of remove curse.
Found a runed trident.
The large abomination hits you!
You die...

### ... #.#
#### #.###?.#
#.#...##
##......##
###.....##.##
##
#.@X..#####.###
.# #..)..###
##..##..#
#.....###
##.....#
..)..## ##
###..#... ...##
#.... ...### .#
#... . ...##.
.. .... ... #
.......
#........


You could see a large abomination.

Vanquished Creatures
  An ogre (D:4)
  5 big kobolds (D:3)
  A water moccasin zombie (D:2)
  2 scorpions
  An orc wizard (D:3)
  Ijyb (D:3)
  3 worker ants (D:4)
  6 gnolls
  6 adders
  2 worms (D:2)
  3 dart slugs
  3 leopard geckos
  6 orcs
  3 giant cockroaches
  7 goblins
  8 hobgoblins
  2 jackals (D:2)
  43 kobolds
  A quokka (D:3)
  A ball python (D:1)
  6 bats
  7 frilled lizards
  17 rats
  2 fungi (D:1)
137 creatures vanquished.

Vanquished Creatures (collateral kills)
  A gnoll (D:3)
  A kobold (D:3)
2 creatures vanquished.

Vanquished Creatures (others)
  A big kobold (D:3)
  A kobold (D:3)
2 creatures vanquished.

Grand Total: 141 creatures vanquished

Notes
Turn   | Place    | Note
-------+----------+-------------------------------------------
     0 | D:1      | Mirai the Gargoyle Earth Elementalist began the quest for the Orb.
     0 | D:1      | Reached XP level 1. HP: 10/10 MP: 3/3
   289 | D:1      | Reached skill level 4 in Earth Magic
   289 | D:1      | Reached XP level 2. HP: 15/15 MP: 1/5
   419 | D:1      | Learned a level 2 spell: Passwall
   626 | D:1      | Reached XP level 3. HP: 19/19 MP: 0/6
   931 | D:2      | Found a snail-covered altar of Cheibriados.
  1007 | D:2      | Reached XP level 4. HP: 17/24 MP: 0/8
  1027 | D:2      | Reached skill level 5 in Earth Magic
  1122 | D:2      | Found a glowing golden altar of the Shining One.
  1222 | D:2      | Found an ornate altar of the Wu Jian Council.
  1259 | D:2      | Reached XP level 5. HP: 28/28 MP: 5/10
  1273 | D:2      | Learned a level 3 spell: Stone Arrow
  1278 | D:2      | Learned a level 4 spell: Petrify
  1369 | D:2      | Found a faded altar of an unknown god.
  2138 | D:3      | Reached skill level 6 in Earth Magic
  2210 | D:3      | Noticed bmj180's ghost (amateur HaFi)
  2692 | D:3      | Reached XP level 6. HP: 32/32 MP: 8/12
  2902 | D:3      | Reached skill level 5 in Spellcasting
  2902 | D:3      | Reached skill level 7 in Earth Magic
  2902 | D:3      | Reached XP level 7. HP: 20/36 MP: 0/14
  3626 | D:3      | Found a stormy altar of Qazlal.
  3820 | D:3      | Noticed Ijyb
  3827 | D:3      | Killed Ijyb
  4484 | D:4      | Reached skill level 8 in Earth Magic
  4633 | D:4      | Gained mutation: Your muscles are strong. (Str +2) [potion of mutation]
  4633 | D:4      | Gained mutation: Your flesh is cold resistant. (rC+) [potion of mutation]
  4633 | D:4      | Gained mutation: Armour fits poorly on your strangely shaped body. [potion of mutation]
  4633 | D:4      | Gained mutation: Your muscles are very strong. (Str +4) [potion of mutation]
  4670 | D:4      | Reached XP level 8. HP: 41/41 MP: 12/16
  4828 | D:4      | Found Xayteiz's General Store.
  4922 | D:4      | Bought a scroll of remove curse for 30 gold pieces
  4922 | D:4      | Bought a scroll of identify for 20 gold pieces
  4922 | D:4      | Bought a scroll of magic mapping for 35 gold pieces
  5001 | D:4      | Cast into level 2 of the Abyss (a distortion unwield)
  5003 | Abyss:2  | Got a transparent golden ring
  5004 | Abyss:2  | Identified the ring of Okhetsocw {SInv Stlth-} (You found it on level 2 of the Abyss)
  5008 | Abyss:2  | Noticed a large abomination
  5033 | Abyss:2  | Slain by a large abomination

Skill      XL: |  1  2  3  4  5  6  7  8 |
---------------+-------------------------+-----
Earth Magic    | 4 5 6 7 8 |  8.4
Spellcasting   | 3 4 5 6 |  6.0
Dodging        | |  1.5
Stealth        | |  2.1
Transmutations | |  0.7

Action                   |  1- 3 |  4- 6 |  7- 9 || total
-------------------------+-------+-------+-------++-------
Melee: Unarmed           |    89 |       |       ||    89
       Spear             |    11 |    11 |       ||    22
       Staff             |       |    11 |    16 ||    27
 Cast: Sandblast         |    37 |   115 |    62 ||   214
Evoke: Wand              |       |     3 |     4 ||     7
  Use: Scroll            |       |     5 |     3 ||     8
       Potion            |       |     1 |     5 ||     6
 Stab: Sleeping          |     1 |       |       ||     1
  Eat: Chunk             |       |     4 |     5 ||     9
       Ration            |       |     1 |     1 ||     2
Armor: Robe              |     9 |    26 |    17 ||    52
Dodge: Dodged            |    28 |    67 |    30 ||   125
